 Dungeon Crawl Stone Soup version 0.24.0-5-g267a8d59f4 (webtiles) character file.

Game seed: 4658248855515694108, levelgen mode: classic

143 EnegeticOcto the Shield-Bearer (level 5, -7/33 HPs)
             Began as a Gargoyle Fighter on Nov 1, 2019.
             Killed by divine providence
             ... invoked by an orc priest
              (13 damage)
             ... on level 3 of the Dungeon.
             The game lasted 00:01:58 (1847 turns).

EnegeticOcto the Shield-Bearer (Gargoyle Fighter)   Turns: 1847, Time: 00:01:58

Health: -7/33      AC: 13    Str: 24    XL:     5   Next: 25%
Magic:  5/5        EV:  7    Int:  8    God:
Gold:   117        SH:  9    Dex:  9    Spells: 4/4 levels left

rFire    . . .     SeeInvis .   a - +1 war axe
rCold    . . .     Gourm    .   c - +0 shield
rNeg     + . .     Faith    .   b - +0 scale mail
rPois    ∞         Spirit   .   t - +0 helmet
rElec    +         Reflect  .   (no cloak)
rCorr    .         Harm     .   j - +0 pair of gloves
MR       .....                  (no boots)
Stlth    ..........             p - amulet of regeneration
HPRegen  0.51/turn              q - +3 ring of strength
MPRegen  0.09/turn              (no ring)

@: no status effects
A: negative energy resistance 1, electricity resistance, unbreathing,
petrification resistance, rot immunity, AC +4
a: no special abilities


You were on level 3 of the Dungeon.
You were hungry.

You visited 1 branch of the dungeon, and saw 3 of its levels.

You collected 117 gold pieces.

Inventory:

Hand Weapons
 a - a +1 war axe (weapon)
Armour
 b - a +0 scale mail (worn)
 c - a +0 shield (worn)
 j - a +0 pair of gloves (worn)
 t - a +0 helmet (worn)
Jewellery
 p - an amulet of regeneration (around neck)
 q - a +3 ring of strength (left hand)
Scrolls
 g - 2 scrolls of enchant weapon
 h - 3 scrolls of remove curse {unknown}
 i - a scroll of blinking {unknown}
 k - 2 scrolls of identify {unknown}
 n - a scroll of random uselessness {unknown}
 r - a scroll of fog {unknown}
 s - a scroll of amnesia {unknown}
 u - 2 scrolls of teleportation {unknown}
Potions
 d - 4 potions of might {@q3 !q}
 f - a potion of cancellation {unknown}
 l - a potion of mutation {unknown}
 o - a potion of degeneration {unknown}
Comestibles
 e - 3 rations


   Skills:
 + Level 4.0 Fighting
 * Level 3.2 Axes
 + Level 4.1 Armour
 + Level 4.1 Shields


You had 4 spell levels left.
You didn't know any spells.
Your spell library was empty.

Dungeon Overview and Level Annotations

Branches:
Dungeon (3/15)

Altars:
Fedhas
Kikubaaqudgha


Innate Abilities, Weirdness & Mutations

You are resistant to torment.
Your stone body is resilient. (AC +4)
You are immune to poison.
You resist negative energy. (rN+)
You are resistant to electric shocks. (rElec)
You can survive without breathing.
You are immune to petrification.
You are immune to rotting.


Message History

Where to? (Enter - D:2, ? - help) Some of the chunks of flesh in your inventory have rotted away.
Things that are here:
a +0 club; a hobgoblin skeleton
Things that are here:
a +0 club; a +0 animal skin
There is a stone staircase leading down here.
You climb downwards.
There is a stone staircase leading up here.
You now have 117 gold pieces (gained 15).
All of the chunks of flesh in your inventory have rotted away.
Found a stone staircase leading down.
Found a stone staircase leading down.
d - 4 potions of might {@q3 !q} (gained 1)
A kobold and an orc wizard come into view.
The orc wizard is wielding a +2 dagger of speed.
The orc wizard shouts!
The kobold shouts!
You hear a shout! x2
The orc wizard casts a spell at you. The puff of flame hits you!
Found a scroll labeled HEAG QIMEP.
There are monsters nearby!
An orc comes into view. It is wielding a +0 war axe.
The orc shouts!
You are feeling hungry.
You barely miss the kobold.
An orc comes into view. It is wielding a +0 mace.
You block the kobold's attack.
A hobgoblin comes into view. It is wielding a -3 club.
The kobold hits you with a +0 short sword.
The orc shouts!
You slash the kobold!
You kill the kobold!
An orc priest comes into view. It is wielding a +0 short sword.
The orc priest looks braver for a moment.
You block the orc wizard's attack.
The orc wizard gestures at you while chanting.
The puff of flame misses you.
You closely miss the orc wizard. You slash the orc!
You kill the orc!
The orc wizard hits you but does no damage.
You closely miss the orc wizard. You hit the hobgoblin but do no damage.
The orc wizard barely misses you. You block the hobgoblin's attack.
The orc wizard hits you but does no damage.
You barely miss the orc wizard. You slash the hobgoblin!
You kill the hobgoblin!
You hit the orc. The orc closely misses you.
The orc wizard hits you with a +2 dagger of speed.
You closely miss the orc.
The orc is almost dead.
You closely miss the orc wizard.
The orc wizard mumbles some strange words.
The orc wizard seems to speed up.
The orc hits you but does no damage.
The orc wizard hits you but does no damage.
You block the orc's attack.
You slash the orc!
You kill the orc!
You hit the orc priest. You hit the orc wizard.
The orc wizard hits you but does no damage.
You block the orc priest's attack.
The orc wizard hits you but does no damage.
You block the orc wizard's attack.
The orc priest invokes the aid of Beogh against you.
Beogh smites you!
You closely miss the orc priest.
The orc priest is moderately wounded.
You closely miss the orc wizard.
The orc wizard casts a cantrip, but nothing happens.
The orc wizard closely misses you. The orc priest closely misses you.
You closely miss the orc priest.
The orc priest is moderately wounded.
You closely miss the orc wizard. The orc wizard barely misses you.
You block the orc wizard's attack.
The orc priest hits you but does no damage.
The orc wizard casts a spell at you.
The magic dart hits you but does no damage.
The orc priest invokes the aid of Beogh against you.
Pain shoots through your body!
You are too injured to fight recklessly!
You are too injured to fight recklessly!
You are too injured to fight recklessly!
You are too injured to fight recklessly!
You are too injured to fight recklessly!
You are too injured to fight recklessly!
You hit the orc priest but do no damage.
The orc priest is moderately wounded.
You hit the orc wizard.
The orc wizard begins to cast a cantrip, but forgets the words!
You block the orc wizard's attack.
The orc priest invokes the aid of Beogh against you.
Beogh smites you!
* * * LOW HITPOINT WARNING * * *
You closely miss the orc priest.
The orc priest is moderately wounded.
You hit the orc wizard.
The orc wizard hits you but does no damage.
The orc wizard hits you with a +2 dagger of speed.
* * * LOW HITPOINT WARNING * * *
The orc priest calls down the wrath of Beogh upon you.
Beogh smites you!
You die...

###############
#.............#
#.###########.#
..#######.# #.#
..........## ######.#
..####)#@..#####......#
......)oo...>......#####
#####.#...#####>##......
#.##..# #. ####### ..
.... #.## ... .?... ...#
.... #.### #..# ### .#
#..# ..#


You could see an orc priest and an orc wizard.

Vanquished Creatures
  A worker ant (D:2)
  Robin (D:2)
  3 adders (D:2)
  An adder zombie (D:1)
  3 dart slugs
  A leopard gecko (D:1)
  2 orcs (D:3)
  8 bats
  A bat zombie (D:1)
  5 giant cockroaches
  7 hobgoblins
  6 jackals (D:1)
  A ball python (D:1)
  A frilled lizard (D:1)
  15 goblins
  4 kobolds
  5 rats
65 creatures vanquished.

Notes
Turn   | Place    | Note
-------+----------+-------------------------------------------
     0 | D:1      | EnegeticOcto the Gargoyle Fighter began the quest for the
                  | Orb.
     0 | D:1      | Reached XP level 1. HP: 14/14 MP: 1/1
   104 | D:1      | Reached XP level 2. HP: 18/19 MP: 2/2
   545 | D:1      | Reached XP level 3. HP: 22/23 MP: 3/3
  1141 | D:2      | Found a blossoming altar of Fedhas.
  1166 | D:2      | Reached XP level 4. HP: 28/29 MP: 4/4
  1477 | D:2      | Found an ancient bone altar of Kikubaaqudgha.
  1555 | D:2      | Noticed Robin
  1563 | D:2      | Reached XP level 5. HP: 28/33 MP: 5/5
  1570 | D:2      | Killed Robin
  1847 | D:3      | Killed from afar by an orc priest

Levels and vault maps discovered:
D:1:      saegor_arrival_fortress, layout_basic
D:2:      layout_rooms, kiku_gazebo_garden_becter, fedhas_altar_2, uniq_robin
D:3:      layout_loops_ring, grunt_gozag_breadcrumbs,
          nicolae_overflow_crystal_walls

Skill      XL: |  1  2  3  4 |
---------------+-------------+-----
Axes           | 2 3 |  3.2
Fighting       | 4 |  4.0
Armour         | 4 |  4.1
Shields        | 4 |  4.1

Action                   |  1- 3 |  4- 6 || total
-------------------------+-------+-------++-------
Melee: War axe           |   149 |    65 ||   214
  Use: Scroll            |     1 |       ||     1
  Eat: Chunk             |     1 |     2 ||     3
Armor: Scale mail        |   100 |    48 ||   148
Dodge: Dodged            |    62 |    24 ||    86
Block: Shield            |   103 |    47 ||   150
